 Dungeon Crawl Stone Soup version 0.29.0-5-ge4962eb29e (webtiles) character file.

Game seed: 7873945311205675030

168 ProzacElf the Sneak (level 5, -10/38 HPs)
             Began as a Ghoul Fire Elementalist on Aug 29, 2022.
             Mangled by Crazy Yiuf
             ... wielding a +3 quarterstaff of chaos
              (13 damage)
             ... on level 4 of the Dungeon.
             The game lasted 00:07:26 (4981 turns).

ProzacElf the Sneak (Ghoul Fire Elementalist)       Turns: 4981, Time: 00:07:26

Health: -10/38     AC:  4    Str: 14    XL:     5   Next: 48%
Magic:  7/7        EV: 12    Int: 10    God:
Gold:   176        SH:  0    Dex:  9    Spells: 2/8 levels left

rFire   . . .      SeeInvis .   a - +0 short sword (venom)
rCold   + . .      Faith    .   (no shield)
rNeg    + + +      Spirit   .   f - +0 leather armour
rPois   ∞          Reflect  .   (no helmet)
rElec   .          Harm     .   (no cloak)
rCorr   .          Rampage  .   s - +0 pair of gloves
Will    .....                   (no boots)
Stlth   ++........              (no amulet)
HPRegen 0.00/turn               (no ring)
MPRegen 0.10/turn               (no ring)

@: inhibited regen
A: claws 1, cold resistance 1, negative energy resistance 3, inhibited
regeneration, torment resistance 2, devour on kill
a: no special abilities


You were on level 4 of the Dungeon.
You visited 1 branch of the dungeon, and saw 4 of its levels.

You collected 176 gold pieces.

Inventory:

Hand Weapons
 a - a +0 short sword of venom (weapon)
 h - a +0 short sword
Missiles
 o - 2 poisoned darts (quivered)
Armour
 f - a +0 leather armour (worn)
 g - a +0 robe
 s - a +0 pair of gloves (worn)
 u - a +0 ring mail
Wands
 w - a wand of roots (6)
Scrolls
 c - a scroll of blinking {unknown}
 d - 3 scrolls of identify {unknown}
 i - 2 scrolls of fog {unknown}
 k - 2 scrolls of enchant weapon {unknown}
 l - 2 scrolls of teleportation {unknown}
 m - a scroll of enchant armour {unknown}
 n - a scroll of amnesia {unknown}
 p - 3 scrolls of fear {unknown}
 v - a scroll of poison {unknown}
Potions
 b - a potion of magic
 q - a potion of haste {unknown}
 r - a potion of brilliance {unknown}
 t - a potion of degeneration {unknown}


   Skills:
 + Level 3.5 Dodging
 - Level 5.0 Stealth
 - Level 2.0 Spellcasting
 - Level 0.7 Conjurations
 - Level 2.4 Fire Magic


You had 2 spell levels left.
You knew the following spells:

 Your Spells              Type           Power      Damage    Failure   Level
a - Foxfire               Conj/Fire      16%        2x1d4     22%         1
b - Scorch                Fire           10%        2d5       22%         2
c - Conjure Flame         Conj/Fire      4%         6-21      54%         3

Your spell library contained the following spells:

 Spells                   Type           Power      Damage    Failure   Level
 Inner Flame              Hex/Fire       3%         N/A       58%         3
 Tukima's Dance           Hex            1%         N/A       75%         3
 Flame Wave               Conj/Fire      4%         2d5       91%         4
 Passage of Golubria      Tloc           1%         N/A       98%         4
 Yara's Violent Unravell  Hex/Tmut       0%         3d3       100%        5


Dungeon Overview and Level Annotations

Branches:
Dungeon (4/15)
 Temple: D:4-7

Altars:
Uskayaw

Annotations:
D:4 Crazy Yiuf


Innate Abilities, Weirdness & Mutations

You are immune to poison.
You have sharp fingernails.
Your flesh is cold resistant. (rC+)
You are immune to negative energy. (rN+++)
You do not regenerate when monsters are visible.
You are immune to unholy pain and torment.
You thrive by killing the living.


Message History

Nay target in view!
Nay target in view!
Nay target in view!
Nay target in view!
Nay target in view!
Nay target in view!
Nay target in view!
Nay target in view!
Nay target in view!
Nay target in view!
w - a wand o' roots (6)
Found a robe.
Ye see 'ere a +0 robe.
Found a hammer.
Ye see 'ere a +0 hammer.
Found two hammers.
Found a run'd translucent door.
Found a smokin' hammer an' a hammer.
Ye see 'ere a +0 hammer.
Ye op'n tha door.
Crazy Yiuf cries, "Paint!
Mountain bush testudinal."
Ye hit Crazy Yiuf but do nay damage.
Crazy Yiuf be poison'd.
Crazy Yiuf hits ye wit' a +3 quarterstaff o' chaos!
Ye be electrocuted!
* * * LOW HITPOINT WARNIN'
* * * Ye take 28 damage, an' haf 10/38 hp.
MASSIVE DAMAGE!!
Crazy Yiuf attacks as ye move away!
Crazy Yiuf hits ye wit' a +3 quarterstaff o' chaos!
* * * LOW HITPOINT WARNIN'
* * * Ye feel agile all o' a sudd'n.
Crazy Yiuf flaps his cloak.
Ye take 7 damage, an' haf 3/38 hp.
It was a potion o' might.
Ye feel very mighty all o' a sudd'n.
Crazy Yiuf closely misses ye.
It was a potion o' cancellation.
Yer magical effects be unravellin'.
Ye feel magic'lly purged.
Ye feel a little less mighty now.
Ye feel a little less agile now.
Crazy Yiuf hits ye wit' a +3 quarterstaff o' chaos!
Ye die...

### ##### #)..# #..)#
..) #'# ♣g♣♣
########## ♣♣@♣
#........# ♣.♣♣
#.######## ♣♣.♣ #.#
♣♣.♣♣ #.# ♣...♣ ##.#
♣.).♣ ...# #+..+#
#..# #....#
#..###########...###.


You could see Crazy Yiuf (very poisoned).

Vanquished Creatures
  Natasha (thrice) (D:3)
  An adder (D:2)
  A worm (D:2)
  4 dart slugs
  An orc (D:4)
  5 endoplasms
  2 giant cockroaches (D:2)
  4 goblins
  5 hobgoblins
  13 jackals
  2 quokkas (D:1)
  6 ball pythons
  5 bats
  2 frilled lizards
  4 kobolds
  10 rats
68 creatures vanquished.

Vanquished Creatures (others)
  10 foxfires (D:1)
  A plant (D:1)
11 creatures vanquished.

Grand Total: 79 creatures vanquished

Notes
Turn   | Place    | Note
-------+----------+-------------------------------------------
     0 | D:1      | ProzacElf the Ghoul Fire Elementalist began the quest for
                  | the Orb.
     0 | D:1      | Reached XP level 1. HP: 14/14 MP: 2/2
   255 | D:1      | Found a faded altar of an unknown god.
   654 | D:1      | Reached XP level 2. HP: 20/20 MP: 4/4
   722 | D:1      | Reached skill level 3 in Stealth
  1140 | D:1      | Reached XP level 3. HP: 23/26 MP: 2/5
  1377 | D:1      | Reached skill level 4 in Stealth
  2178 | D:2      | Learned a level 2 spell: Scorch
  2182 | D:2      | Learned a level 3 spell: Conjure Flame
  2191 | D:2      | Found a hide-covered altar of Uskayaw.
  2993 | D:2      | Reached XP level 4. HP: 33/33 MP: 6/6
  3069 | D:2      | Reached skill level 5 in Stealth
  3579 | D:3      | Noticed Natasha
  3590 | D:3      | Killed Natasha
  3660 | D:3      | Noticed Natasha
  3698 | D:3      | Killed Natasha
  3699 | D:3      | Reached XP level 5. HP: 14/38 MP: 7/7
  4119 | D:3      | Noticed Natasha
  4131 | D:3      | Killed Natasha
  4973 | D:4      | Found a runed translucent door.
  4974 | D:4      | Noticed Crazy Yiuf
  4981 | D:4      | Mangled by Crazy Yiuf

Illustrated notes

Levels and vault maps discovered:
D:1:      lightli_arrival_flooded_house, layout_basic,
          hellmonk_ecumenical_altar_prayer_group
D:2:      layout_basic, basic_altar, kennysheep_minor_cross,
          minmay_rat_gold_closets
D:3:      layout_loops_corners, uniq_natasha
D:4:      layout_loops_ring, temple_fountains, minmay_misc_feat_rows,
          minmay_misc_feat_columns, minmay_distorted, uniq_duvessa,
          uniq_eustachio, uniq_crazy_yiuf_cottage

Skill      XL: |  1  2  3  4 |
---------------+-------------+-----
Spellcasting   | 2 |  2.0
Stealth        | 3 4 5 |  5.0
Dodging        | 3 |  3.5
Conjurations   | |  0.7
Fire Magic     | |  2.4

Action                   |  1- 3 |  4- 6 || total
-------------------------+-------+-------++-------
Melee: Short sword       |   133 |    94 ||   227
       Unarmed           |     9 |       ||     9
       Punch             |     2 |     1 ||     3
 Cast: Foxfire           |     6 |       ||     6
  Use: Potion            |       |     2 ||     2
 Stab: Sleeping          |    10 |     3 ||    13
Armor: Robe              |     6 |       ||     6
       Leather armour    |    51 |    24 ||    75
Dodge: Dodged            |   101 |    62 ||   163
